 Dungeon Crawl Stone Soup version 0.31-a0-232-gb1c03b2570 (webtiles) character file.

Game seed: 1473629480899901121

260 qw the Shooter (level 5, -3/45 HPs)
             Began as a Minotaur Hexslinger on July 7, 2023.
             Slain by Pikel
             ... wielding a +2 whip of electrocution
              (16 damage)
             ... on level 4 of the Dungeon.
             The game lasted 00:01:02 (2299 turns).

qw the Shooter (Minotaur Hexslinger)                Turns: 2299, Time: 00:01:02

Health: -3/45      AC: 10    Str: 13    XL:     5   Next: 95%
Magic:  5/5        EV: 11    Int: 10    God:
Gold:   201        SH:  0    Dex: 14    Spells: 5/6 levels left

rFire   . . .        Y - +2 sling
rCold   . . .        (no shield)
rNeg    . . .        g - +0 ring mail
rPois   .            (helmet restricted)
rElec   .            a - +0 cloak
rCorr   .            (no gloves)
SInv    .            (no boots)
Will    .....        (no amulet)
Stlth   +            h - +4 ring of protection
HPRegen 0.27/turn    (no ring)
MPRegen 0.09/turn

%: no passive effects
@: brilliant
A: horns 2, retaliatory headbutt
a: no special abilities


You were on level 4 of the Dungeon.
You visited 1 branch of the dungeon, and saw 4 of its levels.

You collected 201 gold pieces.


Innate Abilities, Weirdness & Mutations

You have a pair of horns on your head.
You reflexively headbutt those who attack you in melee.


   Skills:
 + Level 3.1 Fighting
 - Level 6.1 Ranged Weapons
 - Level 1.3 Armour
 - Level 2.1 Dodging
 - Level 1.0 Spellcasting
 - Level 2.0 Hexes


You had 5 spell levels left.
You knew the following spells:

 Your Spells              Type           Power      Damage    Failure   Level
a - Slow                  Hex            24%        N/A       32%         1

Your spell library contained the following spells:

 Spells                   Type           Power      Damage    Failure   Level
 Inner Flame              Hex/Fire       3%         N/A       82%         3
 Portal Projectile        Hex/Tloc       6%         N/A       82%         3
 Cause Fear               Hex            3%         N/A       97%         4

Inventory:

Hand Weapons
 Y - a +2 sling (weapon)
Armour
 a - a +0 cloak (worn)
 g - a +0 ring mail (worn)
Jewellery
 h - a +4 ring of protection (left hand)
Scrolls
 c - 2 scrolls of teleportation
 k - 3 scrolls of identify
Potions
 b - a potion of enlightenment
 f - a potion of haste

Dungeon Overview and Level Annotations

Branches:
Dungeon (4/15)
 Temple: D:4-7

Altars:
Gozag
Kikubaaqudgha
Makhleb

Shops:
D:3 [

Annotations:
D:4 Pikel


Message History

The hound is almost dead.
The hound bites you but does no damage.
A lemure comes into view.
The hound bites you but does no damage.
You shoot a sling bullet.
The sling bullet closely misses the hound.
The sling bullet hits the lemure.
The lemure is moderately wounded.
The hound barely misses you.
A ball python comes into view.
The hound barely misses you.
You shoot a sling bullet. The sling bullet hits the hound.
You kill the hound!
The lemure hits you but does no damage.
Your Ranged Weapons skill increases to level 6!
You shoot a sling bullet.
The sling bullet barely misses the lemure.
The sling bullet hits the lemure.
The lemure is lightly wounded.
You shoot a sling bullet.
The sling bullet hits Pikel but does no damage.
You shoot a sling bullet.
The sling bullet hits Pikel but does no damage.
Pikel barely misses you. You furiously retaliate!
You headbutt Pikel! You shoot a sling bullet.
The sling bullet barely misses Pikel.
The sling bullet hits the lemure but does no damage.
The lemure is lightly wounded.
An endoplasm comes into view.
Pikel hits you but does no damage.
You shoot a sling bullet.
The sling bullet hits Pikel but does no damage.
Pikel is moderately wounded.
Pikel hits you with a +2 whip of electrocution.
You are electrocuted!
You shoot a sling bullet. The sling bullet hits Pikel.
Pikel is moderately wounded.
Pikel hits you with a +2 whip of electrocution!
Pikel hits you with a +2 whip of electrocution.
You are electrocuted!
You die...

#################
#............<..#
#.##.#..########
#.......#
####.#### #.# #@#
........K555.#
.####..##5##.#
#..


SJ. #.. ##. #.. # ... #### You could see Pikel, 4 lemures, an endoplasm and a
ball python.

Vanquished Creatures
  A hound (D:4)
  Jessica (D:3)
  6 gnolls (D:3)
  8 adders
  A dart slug (D:1)
  7 endoplasms
  3 giant cockroaches
  3 goblins
  7 hobgoblins
  8 jackals
  A quokka (D:2)
  11 ball pythons
  4 bats
  A frilled lizard (D:3)
  9 kobolds
  5 rats
76 creatures vanquished.

Notes
Turn   | Place    | Note
-------+----------+-------------------------------------------
     0 | D:1      | qw the Minotaur Hexslinger began the quest for the Orb.
     0 | D:1      | Reached XP level 1. HP: 16/16 MP: 1/1
     0 | D:1      | 0 ||| qw: Version: 0.3-a-46-gb1f654a
     0 | D:1      | 0 ||| qw: Game counter: 2415
     0 | D:1      | 0 ||| qw: Melee chars always use a shield: true
     0 | D:1      | 0 ||| qw: God list: Okawaru
     0 | D:1      | 0 ||| qw: Allow faded altars: false
     0 | D:1      | 0 ||| qw: Do Orc after clearing Dungeon:15 true
     0 | D:1      | 0 ||| qw: Do second Lair branch before Depths: true
     0 | D:1      | 0 ||| qw: Lair rune preference: random
     0 | D:1      | 0 ||| qw: Goals: Normal
     0 | D:1      | 0 ||| PLANNING D:1-11
   113 | D:1      | Reached skill level 3 in Ranged Weapons
   113 | D:1      | Reached XP level 2. HP: 23/23 MP: 2/2
   241 | D:1      | 241 ||| FLEEEEING.
   242 | D:1      | 242 ||| FLEEEEING.
   252 | D:1      | Reached XP level 3. HP: 28/29 MP: 3/3
   561 | D:1      | 561 ||| UPGRADING to +0 ring mail.
   571 | D:1      | 571 ||| DROPPING +0 robe.
   572 | D:1      | 572 ||| UPGRADING to +4 ring of protection.
   573 | D:1      | 573 ||| READING scroll labelled GOIMEMM CIPIWN.
   574 | D:1      | 574 ||| READING scroll labelled KIR YZ FEUSOYN.
   575 | D:1      | 575 ||| READING scroll labelled CARUBY LEONODD.
   576 | D:1      | 576 ||| DROPPING scroll of poison.
   607 | D:2      | 607 ||| STAIRDANCE
   617 | D:1      | Reached skill level 4 in Ranged Weapons
   722 | D:2      | Reached skill level 1 in Armour
   808 | D:2      | Found a faded altar of an unknown god.
   997 | D:2      | Reached XP level 4. HP: 36/36 MP: 4/4
  1154 | D:2      | Reached skill level 5 in Ranged Weapons
  1420 | D:2      | 1420 ||| UPGRADING to +0 cloak.
  1425 | D:2      | 1425 ||| READING scroll labelled ZANGAH IRCHOTU.
  1426 | D:2      | 1426 ||| READING 2 scrolls labelled CAETZEO RUIM.
  1430 | D:2      | 1430 ||| READING scroll labelled VYATIXZADETWO.
  1431 | D:2      | 1431 ||| READING scroll labelled KEARYH OZIPOE.
  1432 | D:2      | 1432 ||| READING 2 scrolls of identify.
  1432 | D:2      | 1432 ||| IDENTIFYING fizzy coppery potion
  1433 | D:2      | 1433 ||| DROPPING potion of lignification.
  1472 | D:3      | Reached XP level 5. HP: 44/44 MP: 5/5
  1480 | D:3      | Reached skill level 3 in Fighting
  1572 | D:3      | Found a burning altar of Makhleb.
  1633 | D:3      | Found an opulent altar of Gozag.
  1667 | D:3      | Found Xoffoc's Antique Armour Emporium.
  1676 | D:3      | 1676 ||| SHOPLISTING pair of runed gloves (165 gold, have
                  | 156).
  1676 | D:3      | 1676 ||| SHOPLISTING pair of steaming gloves (209 gold,
                  | have 156).
  1690 | D:3      | Noticed Jessica
  1692 | D:3      | Killed Jessica
  2212 | D:3      | Found an ancient bone altar of Kikubaaqudgha.
  2253 | D:3      | 2253 ||| READING scroll labelled SOETOVV ATOBIE.
  2254 | D:3      | 2254 ||| DRINKING 2 silvery potions.
  2255 | D:3      | 2255 ||| READING 5 scrolls of identify.
  2255 | D:3      | 2255 ||| IDENTIFYING lumpy pink potion
  2256 | D:3      | 2256 ||| READING 4 scrolls of identify.
  2256 | D:3      | 2256 ||| IDENTIFYING pink potion
  2257 | D:3      | 2257 ||| DROPPING potion of brilliance.
  2288 | D:4      | Noticed a lemure
  2289 | D:4      | Noticed a lemure
  2289 | D:4      | Noticed Pikel
  2289 | D:4      | Noticed a lemure
  2291 | D:4      | Noticed a lemure
  2294 | D:4      | Reached skill level 6 in Ranged Weapons
  2299 | D:4      | Slain by Pikel

Levels and vault maps discovered:
D:1:      pf_arrival_petrified_forest, layout_basic
D:2:      layout_loops_ring, hellmonk_ecumenical_altar_inner_sanctum,
          chequers_serial_rivers_room_a, minmay_snake_closets
D:3:      layout_loops_ring, lemuel_zombie_altar_kikubaaqudgha,
          mainiacjoe_overflow_alcove_2, grunt_gozag_statues, serial_shops, shop,
          uniq_jessica
D:4:      wad_lake_hut, layout_loops_cross, minmay_temple_entry_purple_smoke,
          uniq_pikel, uniq_grinder, uniq_blork_the_orc, uniq_eustachio

Skill      XL: |  1  2  3  4  5 |
---------------+----------------+-----
Ranged Weapons | 3 4 5 6 |  6.1
Fighting       | 2 3 |  3.1
Armour         | 1 |  1.3
Dodging        | |  2.1
Spellcasting   | |  1.0
Hexes          | |  2.0

Action                     |  1- 3 |  4- 6 || total
---------------------------+-------+-------++-------
   Fire: Sling             |    96 |   139 ||   235
    Use: Scroll            |     3 |     8 ||    11
         Potion            |       |     1 ||     1
 Armour: Robe              |     5 |       ||     5
         Ring mail         |    23 |    35 ||    58
  Dodge: Dodged            |    39 |    53 ||    92

Table legend:
 A = Non-vault XP
 B = Vault XP
 C = Vault XP percentage of total XP
 D = Non-vault monster count
 E = Vault monster count
 F = Vault count percentage of total count
                 A         B        C        D         E       F
            +---------+---------+-------+---------+---------+-------
      Total |     273 |      99 |  26.6 |      65 |      11 |  14.5
            +---------+---------+-------+---------+---------+-------
        D:1 |      64 |       0 |   0.0 |      29 |       0 |   0.0
        D:2 |      59 |      62 |  51.2 |      19 |      10 |  34.5
        D:3 |     110 |      37 |  25.2 |      16 |       1 |   5.9
        D:4 |      40 |       0 |   0.0 |       1 |       0 |   0.0
            +---------+---------+-------+---------+---------+-------
